 Dungeon Crawl Stone Soup version 0.19.5 (webtiles) character file.

24 tidbits the Skirmisher (level 2, 2/22 HPs)
             Began as a High Elf Wanderer on Oct 31, 2017.
             Quit the game on level 3 of the Dungeon.
             The game lasted 00:03:00 (316 turns).

tidbits the Skirmisher (High Elf Wanderer)           Turns: 316, Time: 00:03:01

Health: 2/22       AC:  3    Str: 12    XL:     2   Next: 79%
Magic:  3/3        EV: 11    Int: 14    God:
Gold:   20         SH:  0    Dex: 14    Spells: 0 memorised, 1 level left

rFire  . . .     SeeInvis .     b - +0 shortbow
rCold  . . .     Gourm    .     B - +0 robe
rNeg   . . .     Faith    .     (shield currently unavailable)
rPois  .         Spirit   .     (no helmet)
rElec  .         Reflect  .     C - +0 cloak
rCorr  .         Harm     .     (no gloves)
MR     .....                    (no boots)
Stlth  ++........               (no amulet)
                                (no ring)
                                (no ring)

@: no status effects
A: no striking features
a: no special abilities


You were on level 3 of the Dungeon.
You were not hungry.

You visited 1 branch of the dungeon, and saw 4 of its levels.

You collected 20 gold pieces.

Inventory:

Hand Weapons
 a - a +2 mace
 b - a +0 shortbow (weapon)
 d - a +0 short sword
 f - a +0 dagger
 k - a +0 short sword
   (You took it off a kobold on level 1 of the Dungeon)
Missiles
 e - 43 stones
 g - 7 arrows (quivered)
Armour
 B - a +0 robe (worn)
 C - a +0 cloak (worn)
   (You found it on level 1 of the Dungeon)
Scrolls
 h - a scroll of teleportation {unknown}
 i - 2 scrolls of remove curse {unknown}
Potions
 l - 2 potions of agility {unknown}
Comestibles
 c - 2 bread rations
 j - a meat ration


   Skills:
 - Level 4.0 Fighting
 - Level 2.4 Short Blades
 - Level 1.0 Maces & Flails
 + Level 3.4 Bows
 - Level 1.0 Armour
 - Level 2.1 Stealth


You had one spell level left.
You didn't know any spells.

Dungeon Overview and Level Annotations

Branches:
Dungeon (4/15)
 Temple: D:4-7

Altars:
Gozag


Message History

The kobold shouts!
You hear a shout!
Firing (i - inventory. (,) - cycle):
g - 14 arrows (quivered)
Press: ? - help, Shift-Dir - straight line, f - kobold
Aim: a kobold, wielding a club You shoot an arrow.
The arrow hits the kobold.
The kobold is severely wounded.
The kobold throws a stone.
The stone closely misses you.
A giant cockroach comes into view.
Firing (i - inventory. (,) - cycle):
g - 13 arrows (quivered)
Press: ? - help, Shift-Dir - straight line, f/p - kobold
Aim: a kobold, wielding a club (severely wounded)
You shoot an arrow.
The arrow hits the kobold but does no damage.
The kobold is severely wounded.
The giant cockroach moves out of view.
The kobold hits you with a club.
Firing (i - inventory. (,) - cycle):
g - 12 arrows (quivered)
Press: ? - help, Shift-Dir - straight line, f/p - kobold
Aim: a kobold, wielding a club (severely wounded)
You shoot an arrow. The arrow hits the kobold.
You kill the kobold!
You feel sick.
Firing (i - inventory. (,) - cycle):
g - 11 arrows (quivered)
Press: ? - help, Shift-Dir - straight line, f - giant cockroach
Aim: a giant cockroach (clinging)
You shoot an arrow. The arrow hits the giant cockroach.
You kill the giant cockroach!
Something unseen opens the door.
You feel sick.
e - 26 stones (gained 1)
You see here a club.
Found 17 stones.
g - 12 arrows (gained 2)
You feel sick.
You are no longer poisoned.
g - 13 arrows (gained 1)
You open the door.
e - 43 stones (gained 17)
You open the door.
There is an open door here.
An orc comes into view. It is wielding a hand axe.
Firing (i - inventory. (,) - cycle):
g - 13 arrows (quivered)
Press: ? - help, Shift-Dir - straight line, f - orc
Aim: an orc, wielding a hand axe (resting)
You shoot an arrow. The arrow hits the orc.
The orc is severely wounded.
You hear a shout! x2
An orc wizard comes into view.
It is wielding a dagger. 2 orcs come into view.
Firing (i - inventory. (,) - cycle):
g - 12 arrows (quivered)
Press: ? - help, Shift-Dir - straight line, f - orc, p - orc
Aim: an orc, wielding a flail (hasn't noticed you)
You shoot an arrow. The orc shouts!
The arrow hits the orc wizard but does no damage.
The orc moves out of view.
An orc comes into view. It is wielding a whip.
Firing (i - inventory. (,) - cycle):
g - 11 arrows (quivered)
Press: ? - help, Shift-Dir - straight line, f - orc, p - orc
Aim: an orc, wielding a whip (hasn't noticed you)
You shoot an arrow.
The arrow closely misses the orc wizard.
The orc shouts!
The arrow hits the orc.
The orc is heavily wounded.
An orc opens the door.
Firing (i - inventory. (,) - cycle):
g - 10 arrows (quivered)
Press: ? - help, Shift-Dir - straight line, f - orc, p - orc
Aim: an orc, wielding a flail (heavily wounded)
You shoot an arrow.
The arrow hits the orc wizard but does no damage.
The orc throws a tomahawk.
The tomahawk misses you.
Firing (i - inventory. (,) - cycle):
g - 9 arrows (quivered)
Press: ? - help, Shift-Dir - straight line, f/p - orc
Aim: an orc, wielding a flail (heavily wounded)
You shoot an arrow. The arrow hits the orc wizard!
The orc wizard is heavily wounded.
The orc throws a tomahawk.
The tomahawk barely misses you. The orc wizard hits you with a dagger.
* * * LOW HITPOINT WARNING * * *
Firing (i - inventory. (,) - cycle):
g - 8 arrows (quivered)
Press: ? - help, Shift-Dir - straight line, f/p - orc
Aim: an orc, wielding a flail (heavily wounded)
You shoot an arrow. The arrow barely misses the orc wizard.
The arrow hits the orc.
You kill the orc!
The orc throws a tomahawk.
The tomahawk closely misses you.
The orc wizard casts a spell.
The orc wizard blinks!
Unknown command.
A hobgoblin comes into view.
The hobgoblin shouts!
The orc wizard points at you and mumbles some strange words.
You resist with significant effort.
The orc wizard gestures at you while chanting.
The magic dart hits you!
* * * LOW HITPOINT WARNING * * *
The orc wizard gestures at you while chanting.
The magic dart hits you!
* * * LOW HITPOINT WARNING * * *
Are you sure you want to abandon this character and quit the game? (Confirm with "yes".)

#.#(# ##'#.#
#...)## #.....#
####....o##
+......(oo#
###.....#.##
###'#......#.#
#........@.#.#
#..o......g#.#
#............#
#.........#..####
#...............#
#........###.##.##
#........'..>...<#
+........###..#.##
#........#....#.#


You could see an orc wizard, 3 orcs and a hobgoblin.

Vanquished Creatures
  3 dart slugs (D:1)
  An orc (D:3)
  A bat (D:2)
  2 giant cockroaches
  A goblin (D:1)
  4 jackals (D:2)
  3 kobolds
15 creatures vanquished.

Notes
Turn   | Place    | Note
-------+----------+-------------------------------------------
     0 | D:1      | tidbits the High Elf Wanderer began the quest for the Orb.
     0 | D:1      | tidbits set off with: a +2 mace, a +0 shortbow, 20 arrows, a +0 short sword, a +0 robe, a +0 dagger, a bread ration
     0 | D:1      | Reached XP level 1. HP: 17/17 MP: 2/2
    79 | D:1      | Reached skill level 1 in Bows
    90 | D:1      | Reached skill level 2 in Bows
   100 | D:1      | Reached XP level 2. HP: 17/22 MP: 3/3
   192 | D:2      | Reached skill level 3 in Bows
   255 | D:3      | Found an opulent altar of Gozag.
   261 | D:4      | Noticed a big kobold
   315 | D:3      | HP: 2/22 [orc wizard/magic dart (2)]
   316 | D:3      | Quit the game

Skill      XL: |  1  2 |
---------------+-------+-----
Bows           | 2 3 |  3.4
Fighting       | |  4.0
Short Blades   | |  2.4
Maces & Flails | |  1.0
Armour         | |  1.0
Stealth        | |  2.1

Action                   || total
-------------------------++-------
 Fire: Shortbow          ||    47
Armor: Robe              ||     2
Dodge: Dodged            ||    12

Table legend:
 A = Turns spent in this place as a percentage of turns spent in the entire game.
 B = Non-inter-level travel turns spent in this place as a percentage of non-inter-level travel turns spent in the entire game.
 C = Inter-level travel turns spent in this place as a percentage of turns spent in this place.
 D = Turns resting spent in this place as a percentage of non-inter-level travel turns spent in this place.
 E = Turns spent auto-exploring this place as a percentage of non-inter-level travel turns spent in this place.
 F = Non-inter-level travel turns spent in this place divided by the number of levels of this place that you've seen.
                   A       B       C       D       E      F
               +-------+-------+-------+-------+-------+----------------------
         Total | 100.0 | 100.0 |   0.0 |   0.0 |   0.0 |  66.8
       Dungeon | 100.0 | 100.0 |   0.0 |   0.0 |   0.0 |  66.8
               +-------+-------+-------+-------+-------+----------------------

Table legend:
 A = Kills in this place as a percentage of kills in entire the game.
 B = Kills by you in this place as a percentage of kills by you in the entire game.
 C = Kills by friends in this place as a percentage of kills by friends in the entire game.
 D = Other kills in this place as a percentage of other kills in the entire game.
 E = Experience gained in this place as a percentage of experience gained in the entire game.
 F = Experience gained in this place divided by the number of levels of this place that you have seen.
                   A       B       C       D       E      F
               +-------+-------+-------+-------+-------+----------------------
         Total | 100.0 | 100.0 |  -nan |  -nan | 100.0 |   8.8
       Dungeon | 100.0 | 100.0 |  -nan |  -nan | 100.0 |   8.8
               +-------+-------+-------+-------+-------+----------------------

Vault maps used:
D:1:      dpeg_arrival_erosion
D:2:      cheibriados_altar_1, first_bread
D:3:      overflow_temple_1_default, ashenzari_altar_1, ecumenical_altar_2
D:4:      nicolae_overflow_crystal_walls, kennysheep_little_box,
          kiku_gazebo_pond_becter, lemuel_doored_altar, lexackson_kobold_supper
